 Dungeon Crawl Stone Soup version 0.28-a0-10-g964c8b829e (webtiles) character file.

Game seed: 3009377341309029220

11917 pokeman the Eclecticist (level 11, -8/61 HPs)
             Began as a Deep Elf Hedge Wizard on July 25, 2021.
             Was a Believer of Vehumet.
             Mangled by a death yak (19 damage)
             ... on level 11 of the Dungeon.
             The game lasted 00:45:14 (15477 turns).

pokeman the Eclecticist (Deep Elf Hedge Wizard)    Turns: 15477, Time: 00:45:15

Health: -8/61      AC:  7    Str:  7    XL:     11   Next: 55%
Magic:  30/32      EV: 16    Int: 29    God:    Vehumet [**....]
Gold:   601        SH:  0    Dex: 14    Spells: 23/40 levels left

rFire   . . .      SeeInvis .   q - +1 whip (elec)
rCold   . . .      Faith    .   (no shield)
rNeg    . . .      Spirit   .   p - +2 leather armour {Will+}
rPois   .          Reflect  .   c - +0 hat
rElec   .          Harm     .   (no cloak)
rCorr   .          Rampage  .   j - +0 pair of gloves
Will    ++...                   w - +0 pair of boots
Stlth   ++........              I - amulet of magic regeneration
HPRegen 0.20/turn               m - +4 ring of evasion
MPRegen 0.48/turn               N - +6 ring of intelligence

@: no status effects
A: no striking features
a: Renounce Religion


You were on level 11 of the Dungeon.
You worshipped Vehumet.
Vehumet was pleased with you.
You visited 2 branches of the dungeon, and saw 12 of its levels.
You also visited: Sewer.

You collected 601 gold pieces.

Inventory:

Hand Weapons
 q - a +1 whip of electrocution (weapon)
 v - a +0 shortbow
 P - a +3 dagger of distortion
Missiles
 d - 155 arrows
 o - 109 bolts
 r - 12 curare-tipped darts
 C - 7 throwing nets
Armour
 c - a +0 hat (worn)
 j - a +0 pair of gloves (worn)
 p - a +2 leather armour of willpower (worn)
 t - a +0 kite shield
 w - a +0 pair of boots (worn)
 H - the +2 ring mail of Beyond {rF+ Int+3}
   (You found it on level 8 of the Dungeon)

   Int:       It affects your intelligence (+3).
   rF:        It protects you from fire.
Magical Staves
 k - a staff of death
Jewellery
 a - a ring of willpower
 l - a +4 ring of evasion
 m - a +4 ring of evasion (left hand)
 y - a ring of protection from fire
 I - an amulet of magic regeneration (around neck)
 N - a +6 ring of intelligence (right hand)
Wands
 B - a wand of acid (21)
 D - a wand of flame (18)
 J - a wand of charming (14)
 K - a wand of iceblast (6)
Scrolls
 b - 3 scrolls of enchant weapon {unknown}
 f - 13 scrolls of identify {unknown}
 h - 3 scrolls of holy word {unknown}
 i - 3 scrolls of fear {unknown}
 s - 3 scrolls of fog {unknown}
 x - 2 scrolls of magic mapping {unknown}
 A - 3 scrolls of teleportation {unknown}
 Q - a scroll of acquirement {unknown}
 R - a scroll of vulnerability {unknown}
Potions
 e - a potion of flight {unknown}
 g - 3 potions of mutation {unknown}
 n - a potion of lignification {unknown}
 u - 4 potions of heal wounds {unknown}
 z - 3 potions of brilliance {unknown}
 E - a potion of berserk rage {unknown}
 F - a potion of magic {unknown}
 G - a potion of ambrosia {unknown}
 L - a potion of curing
 M - a potion of might
 O - a potion of attraction {unknown}


   Skills:
 - Level 4.1 Fighting
 + Level 3.8 Armour
 - Level 3.0 Dodging
 - Level 3.0 Stealth
 - Level 3.0 Shields
 * Level 15.0 Spellcasting
 + Level 9.2 Conjurations
 + Level 4.6 Summonings
 - Level 1.1 Translocations
 - Level 7.2 Fire Magic
 - Level 1.1 Air Magic
 - Level 1.0 Poison Magic
 - Level 1.0 Evocations


You had 23 spell levels left.
You knew the following spells:

 Your Spells              Type           Power      Damage    Failure   Level
a - Magic Dart            Conj           100%       1d8       1%          1
b - Mephitic Cloud        Conj/Pois/Air  43%        N/A       1%          3
c - Call Imp              Summ           48%        N/A       1%          2
d - Blink                 Tloc           N/A        N/A       3%          2
e - Conjure Flame         Conj/Fire      62%        6-21      1%          3
f - Foxfire               Conj/Fire      100%       2x1d9     1%          1
g - Wereblood             Tmut           21%        N/A       4%          2
h - Swiftness             Air            28%        N/A       6%          3

Your spell library contained the following spells:

 Spells                   Type           Power      Damage    Failure   Level
 Searing Ray              Conj           100%       3d7       1%          2
 Apportation              Tloc           56%        N/A       1%          1
 Shock                    Conj/Air       100%       1d9       1%          1
 Summon Small Mammal      Summ           100%       N/A       1%          1
 Animate Skeleton         Necr           42%        N/A       3%          1
 Corona                   Hex            23%        N/A       3%          1
 Slow                     Hex            21%        N/A       4%          2
 Sublimation of Blood     Necr           10%        N/A       4%          2
 Airstrike                Air            14%        N/A       21%         4
 Manifold Assault         Tloc           28%        N/A       50%         5
 Alistair's Intoxication  Tmut/Pois      16%        N/A       58%         5
 Borgnjor's Vile Clutch   Necr/Erth      10%        N/A       65%         5
 Eringya's Noxious Bog    Tmut/Pois      12%        N/A       99%         6
 Summon Hydra             Summ           24%        N/A       99%         7
 Malign Gateway           Summ/Tloc      19%        N/A       100%        7
 Storm Form               Tmut/Air       12%        N/A       100%        7
 Summon Horrible Things   Summ           24%        N/A       100%        8


Dungeon Overview and Level Annotations

Branches:
Dungeon (11/15)            Temple (1/1) D:7           Sewer (visited)
   Lair: D:8-11         Orc: D:9-12

Altars:
Ashenzari
Cheibriados
Dithmenos
Elyvilon
Fedhas
Gozag
Nemelex Xobeh
Okawaru
Ru
Sif Muna
Trog
Uskayaw
Vehumet
Wu Jian
Yredelemnul
Zin
The Shining One

Shops:
D:4 (


Message History

The death yak is engulfed in blazing flames. x2
The death yak completely misses you.
Unknown command.
Unknown command.
You hit the death yak but do no damage.
The death yak is severely wounded.
The death yak is engulfed in blazing flames. x2
The death yak completely misses you.
Unknown command.
Unknown command.
You hit the death yak but do no damage.
The death yak is severely wounded.
The death yak is engulfed in blazing flames. x2
The death yak gores you!
Unknown command.
Unknown command.
You barely miss the death yak.
The death yak is severely wounded.
The death yak is engulfed in blazing flames. x2
The death yak gores you.
Unknown command.
Unknown command.
You hit the death yak.
The death yak is almost dead.
The death yak is engulfed in blazing flames.
You kill the death yak!
Vehumet accepts your kill.
You feel your power returning.
The death yak is engulfed in blazing flames.
The death yak gores you.
Your Spellcasting skill increases to level 15!
Unknown command.
You hit the death yak but do no damage.
The death yak is almost dead.
The death yak is engulfed in blazing flames.
The death yak gores you!!
* * * LOW HITPOINT WARNING * * *
The death yak is engulfed in blazing flames.
The death yak gores you!!
You die...

... #..# #)# #..#
#######÷######..#
#.^.....÷......r#
..#####.#######☼#
#######<(.## #§#
......)....# #§#
#######....# #Y#
.........#.#####@#
#########........#
##.####### ###


You could see a death yak and a quokka.

Vanquished Creatures
  2 two-headed ogres
  2 death yaks (D:11)
  Sonja (D:10)
  Pikel (D:4)
  A cyclops (D:11)
  The ghost of avis the Insei, a novice OpTm of Gozag (D:5)
  3 trolls
  2 hornets (D:10)
  11 yaks
  A wyvern (D:7)
  2 humans (D:9)
  A basilisk (D:9)
  Eustachio (D:4)
  A steam dragon (D:8)
  3 water moccasins
  An acid dragon (D:8)
  3 orc warriors
  A sky beast (D:8)
  An ice beast (D:7)
  An ogre (D:6)
  A hornet zombie (D:5)
  3 necrophages
  A wolf (D:7)
  5 centaurs
  A lemure (D:4)
  A kobold brigand (D:8)
  Blork the orc (D:5)
  2 bullfrogs (Sewer)
  3 gnoll sergeants
  A wyvern zombie (D:8)
  3 wights (D:6)
  2 electric eels (D:8)
  4 centaur zombies
  A bullfrog zombie (D:6)
  2 jellies
  6 hounds
  3 gnoll shamans (D:7)
  4 orc priests
  A centaur skeleton (D:6)
  3 iguanas
  9 orc wizards
  A hell rat (D:11)
  2 killer bee zombies
  A howler monkey zombie (D:10)
  12 adders
  25 gnolls
  2 river rats
  A shadow imp (D:3)
  An adder skeleton (D:5)
  5 dart slugs
  A worm (D:4)
  24 orcs
  21 ball pythons
  16 endoplasms
  19 giant cockroaches
  3 goblins
  5 hobgoblins
  9 jackals
  10 kobolds
  21 quokkas
  22 frilled lizards
  13 rats
311 creatures vanquished.

Vanquished Creatures (collateral kills)
  A black bear (D:3)
  A hound (D:4)
  2 orc priests (D:3)
  A gnoll (D:3)
  An adder (D:3)
  A ball python (D:6)
  An endoplasm (D:3)
  A frilled lizard (D:3)
  2 rats (D:6)
11 creatures vanquished.

Vanquished Creatures (others)
  111 foxfires
  12 plants (D:8)
123 creatures vanquished.

Grand Total: 445 creatures vanquished

Notes
Turn   | Place    | Note
-------+----------+-------------------------------------------
     0 | D:1      | pokeman the Deep Elf Hedge Wizard began the quest for the
                  | Orb.
     0 | D:1      | Reached XP level 1. HP: 10/10 MP: 7/7
   439 | D:1      | Reached XP level 2. HP: 15/15 MP: 4/9
   843 | D:1      | Reached skill level 5 in Spellcasting
  1311 | D:1      | Reached XP level 3. HP: 20/20 MP: 6/11
  1315 | D:1      | Learned a level 3 spell: Mephitic Cloud
  1318 | D:1      | Learned a level 2 spell: Call Imp
  1321 | D:1      | Learned a level 2 spell: Blink
  1325 | D:1      | Learned a level 3 spell: Conjure Flame
  2093 | D:2      | Reached skill level 1 in Fighting
  2121 | D:2      | Reached skill level 1 in Armour
  2480 | D:2      | Found a faded altar of an unknown god.
  2619 | D:2      | Reached XP level 4. HP: 25/25 MP: 7/13
  2812 | D:2      | Found a glowing silver altar of Zin.
  2980 | D:3      | Noticed a black bear
  3560 | D:3      | Killed a black bear
  3561 | D:3      | Reached skill level 6 in Spellcasting
  3561 | D:3      | Reached skill level 1 in Fire Magic
  3682 | D:3      | Reached XP level 5. HP: 29/29 MP: 8/15
  4336 | D:3      | Reached skill level 1 in Air Magic
  4470 | D:3      | Reached XP level 6. HP: 32/34 MP: 6/17
  4526 | D:3      | Reached skill level 1 in Poison Magic
  4887 | D:3      | Reached skill level 7 in Spellcasting
  5329 | D:4      | Reached skill level 1 in Evocations
  5618 | D:4      | Noticed Eustachio
  5632 | D:4      | Found Woegauf's Antique Weapon Shoppe.
  5640 | D:4      | Killed Eustachio
  5641 | D:4      | Reached XP level 7. HP: 26/38 MP: 5/20
  6037 | D:4      | Noticed Pikel
  6100 | D:4      | Killed Pikel
  6101 | D:4      | Reached skill level 8 in Spellcasting
  6101 | D:4      | Reached XP level 8. HP: 26/45 MP: 8/22
  6480 | D:4      | Found a shimmering blue altar of Sif Muna.
  6517 | D:4      | Found a shadowy altar of Dithmenos.
  6664 | D:5      | Entered Level 5 of the Dungeon
  6664 | D:5      | Noticed Blork the orc
  6671 | D:5      | Killed Blork the orc
  6672 | D:5      | Reached skill level 9 in Spellcasting
  6824 | D:5      | Reached skill level 5 in Conjurations
  6999 | D:5      | Found a runed translucent door.
  7573 | D:5      | Noticed avis's ghost (novice OpTm)
  7588 | D:5      | Killed avis's ghost
  7589 | D:5      | Reached skill level 10 in Spellcasting
  7784 | D:6      | Reached XP level 9. HP: 18/49 MP: 16/25
  7866 | D:6      | Found a glowing drain.
  7910 | D:6      | Reached skill level 1 in Shields
  7957 | Sewer    | Entered a sewer
  8134 | Sewer    | Reached skill level 5 in Fire Magic
  8812 | Sewer    | Reached skill level 11 in Spellcasting
  9505 | D:6      | Found a blossoming altar of Fedhas.
 10271 | D:7      | Reached skill level 12 in Spellcasting
 10454 | D:7      | Reached XP level 10. HP: 54/54 MP: 17/28
 11021 | D:7      | Found a staircase to the Ecumenical Temple.
 11059 | Temple   | Entered the Ecumenical Temple
 11067 | Temple   | Became a worshipper of Vehumet
 11537 | D:8      | Noticed a two-headed ogre
 11549 | D:8      | Killed a two-headed ogre
 11550 | D:8      | Reached skill level 13 in Spellcasting
 11858 | D:8      | Identified the +2 ring mail of Beyond {rF+ Int+3}
 11989 | D:8      | Reached * piety under Vehumet
 11989 | D:8      | Offered knowledge of Foxfire by Vehumet.
 11992 | D:8      | Learned a level 1 spell: Foxfire
 12874 | D:8      | Found a bloodstained altar of Trog.
 12928 | D:8      | Found an ornate altar of the Wu Jian Council.
 12929 | D:8      | Found a sacrificial altar of Ru.
 13130 | D:9      | Found an iron altar of Okawaru.
 13135 | D:9      | Learned a level 2 spell: Wereblood
 13252 | D:9      | Found a basalt altar of Yredelemnul.
 13533 | D:9      | Noticed a two-headed ogre
 13544 | D:9      | Killed a two-headed ogre
 13571 | D:9      | Reached skill level 14 in Spellcasting
 13942 | D:9      | Reached XP level 11. HP: 33/60 MP: 28/31
 14333 | D:9      | Upgraded the game from 0.28-a0-8-g6e044cfa68 to
                  | 0.28-a0-10-g964c8b829e
 14526 | D:10     | Entered Level 10 of the Dungeon
 14598 | D:10     | Noticed Sonja
 14598 | D:10     | Paralysed by a hornet for 3 turns
 14612 | D:10     | Killed Sonja
 14975 | D:10     | Learned a level 3 spell: Swiftness
 15196 | D:11     | Offered knowledge of Searing Ray by Vehumet.
 15221 | D:11     | Reached ** piety under Vehumet
 15453 | D:11     | Noticed a death yak
 15454 | D:11     | Noticed a death yak
 15467 | D:11     | Noticed a death yak
 15469 | D:11     | Killed a death yak
 15476 | D:11     | Killed a death yak
 15477 | D:11     | Reached skill level 15 in Spellcasting
 15477 | D:11     | Mangled by a death yak

Illustrated notes

Levels and vault maps discovered:
D:1:      arrival_zaba_pyramid, layout_basic
D:2:      minmay_general_purpose_star, layout_loops_corners,
          shapermc_ecumenical_altar_notcrosses, basic_altar,
          grunt_decor_mini_mirrors, corner_web_ring
D:3:      layout_loops_cross
D:4:      layout_cave_pools, mainiacjoe_overflow_two_lobes,
          nicolae_inconvenience_store, uniq_pikel, uniq_eustachio
D:5:      layout_basic, ebering_ghost_reflecting_pool, uniq_blork_the_orc
D:6:      minmay_spotlight, layout_loops_cross, lemuel_round_altar,
          portal_sewer_entry_a, chequers_hall_statues_corner_a
D:7:      layout_cave_pools, minmay_temple_entry_fiery, serial_gnoll_camp,
          gnoll_camp_mini_hut, gnoll_camp_mini_basic, gnoll_camp_mini_sergeant,
          gnoll_camp_medium_01, gnoll_camp_mini_doghouse,
          hangedman_decor_growths
D:8:      layout_layer_cave, mainiacjoe_overflow_boulevard,
          gammafunk_temple_overflow_statue, serial_bayou_lagoon_a,
          columned_hall_lemuel
D:9:      layout_cave_pods, okawaru_humans, old_standard_altar
D:10:     layout_basic, minivault_27, minmay_misc_feat_square, uniq_sonja
D:11:     minmay_razor_zed, layout_loops_ring, dpeg_lair_monsters,
          minmay_diamond_spiral
Temple:   eino_narrow_crystal_temple

Skill      XL: |  1  2  3  4  5  6  7  8  9 10 11 |
---------------+----------------------------------+-----
Spellcasting   | 5 6 7 8 10 12 14 15 | 15.0
Fighting       | 1 2 3 4 |  4.1
Armour         | 1 2 3 |  3.8
Conjurations   | 2 3 4 5 7 8 9 |  9.2
Dodging        | 3 |  3.0
Fire Magic     | 1 2 3 4 6 7 |  7.2
Air Magic      | 1 |  1.1
Stealth        | 3 |  3.0
Poison Magic   | 1 |  1.0
Evocations     | 1 |  1.0
Shields        | 3 |  3.0
Summonings     | 2 4 |  4.6
Translocations | |  1.1

Action                   |  1- 3 |  4- 6 |  7- 9 | 10-12 || total
-------------------------+-------+-------+-------+-------++-------
Melee: Dagger            |     8 |       |     2 |       ||    10
       Staff             |       |    59 |       |       ||    59
       Whip              |       |       |    80 |    88 ||   168
 Fire: Shortbow          |       |       |    13 |       ||    13
 Cast: Magic Dart        |   132 |    83 |   299 |    97 ||   611
       Conjure Flame     |       |     9 |    23 |    41 ||    73
       Mephitic Cloud    |       |    11 |    18 |    37 ||    66
       Call Imp          |       |     9 |     4 |     1 ||    14
       Blink             |       |     3 |     1 |     2 ||     6
       Foxfire           |       |       |       |    63 ||    63
 Stab: Confused          |       |     4 |     7 |     9 ||    20
       Distracted        |       |     1 |       |       ||     1
Armor: Robe              |     7 |     1 |       |       ||     8
       Leather armour    |       |     2 |     5 |    14 ||    21
Dodge: Dodged            |    33 |    71 |   117 |    78 ||   299

Table legend: (Time is in decaauts)
 A = Elapsed time spent in this place.
 B = Non-inter-level travel time spent in this place.
 C = Inter-level travel time spent in this place.
 D = Time resting spent in this place.
 E = Time spent auto-exploring this place.
 F = Levels seen in this place.
 G = Mean time per level.
                   A        B        C        D        E       F      G
               +--------+--------+--------+--------+--------+-----+--------+
         Total |  15573 |  15188 |    385 |    912 |  11713 |  13 | 1197.9 |
       Dungeon |  14576 |  14198 |    378 |    870 |  10998 |  11 | 1325.1 |
        Temple |     16 |      9 |      7 |      0 |      0 |   1 |   16.0 |
         Sewer |    980 |    980 |      0 |     42 |    714 |   1 |  980.0 |
               +--------+--------+--------+--------+--------+-----+--------+

Top non-repeatable levels by time:
     D:3: 1932 daAuts
     D:7: 1852 daAuts
     D:2: 1779 daAuts
     D:1: 1612 daAuts
     D:8: 1600 daAuts
     D:9: 1405 daAuts
     D:4: 1351 daAuts
     D:6: 1097 daAuts
     D:5: 992 daAuts
   Sewer: 980 daAuts
    D:10: 660 daAuts
    D:11: 292 daAuts
  Temple: 16 daAuts
